| TOP OF THE 1ST |
|
Brockton Rox batting - Pitching for Niagara Falls Phantoms : RHP Alex Roman
|
|
Pitching: RHP Alex Roman
|
|
|
Batting: LHB Robert Gonzalez
|
0-0: Ball 1-0: Bunted foul 1-1: Called Strike 1-2: Ball 2-2: Ball 3-2: Strikes out looking
|
|
Batting: RHB Willie Camacho
|
0-0: Called Strike 0-1: Ball 1-1: Ball 2-1: Swinging Strike 2-2: Strikes out swinging, 2-3 out at first.
|
|
Batting: RHB Bakhtiar Asadov
|
0-0: Ground out 1-3 (Groundball, 13, EV 64.4 MPH)
|
| Top of the 1st over - 0 runs, 0 hits, 0 errors, 0 left on base; Brockton 0 - Niagara Falls 0 |
| BOTTOM OF THE 1ST |
|
Niagara Falls Phantoms batting - Pitching for Brockton Rox : RHP Cedric Tyler
|
|
Pitching: RHP Cedric Tyler
|
|
|
Batting: LHB Carlos Palau
|
0-0: Called Strike 0-1: Fly out, F4 (Popup, 4, EV 68.1 MPH)
|
|
Batting: RHB Danny Ayala
|
0-0: Foul Ball, location: 2F 0-1: Ball 1-1: Fly out, F8 (Line Drive, 8LD, EV 105.0 MPH)
|
|
Batting: LHB Dario Segura
|
0-0: Swinging Strike 0-1: Called Strike 0-2: Ball 1-2: Ball 2-2: Ball 3-2: Strikes out swinging
|
| Bottom of the 1st over - 0 runs, 0 hits, 0 errors, 0 left on base; Brockton 0 - Niagara Falls 0 |
| TOP OF THE 2ND |
|
Brockton Rox batting - Pitching for Niagara Falls Phantoms : RHP Alex Roman
|
|
Batting: LHB Kien-lung Zou
|
0-0: Ground out 4-3 (Groundball, 4, EV 82.5 MPH)
|
|
Batting: RHB Panam Palmer
|
0-0: Ball 1-0: Ball 2-0: Foul Ball, location: 2F 2-1: Foul Ball, location: 2F 2-2: Reached on error, E6 (Groundball, 6, EV 80.0 MPH)
|
|
Batting: RHB Mo Tsang
|
0-0: Called Strike 0-1: Fly out, F8 (Flyball, 8LM, EV 73.1 MPH)
|
|
Batting: LHB Kenny Jackson
|
0-0: Fly out, F9 (Flyball, 89S, EV 85.6 MPH)
|
| Top of the 2nd over - 0 runs, 0 hits, 1 error, 1 left on base; Brockton 0 - Niagara Falls 0 |
| BOTTOM OF THE 2ND |
|
Niagara Falls Phantoms batting - Pitching for Brockton Rox : RHP Cedric Tyler
|
|
Batting: RHB Jesus Ruiz
|
0-0: Ball 1-0: Swinging Strike 1-1: SINGLE (Groundball, 34D, EV 104.4 MPH)
|
|
Batting: RHB Yasuoka Tsuda
|
0-0: Ball 1-0: Ball 2-0: Called Strike 2-1: Swinging Strike 2-2: Fly out, F7 (Line Drive, 7LS, EV 96.2 MPH)
|
|
Batting: RHB Paul Ngumi
|
0-0: SINGLE (Groundball, 4S, EV 65.6 MPH) (infield hit) Jesus Ruiz to second
|
|
Batting: RHB Ken Stair
|
0-0: Ball 1-0: Fielders Choice at 2nd, 3-6 (Groundball, 34, EV 110.0 MPH) Jesus Ruiz to third
|
|
Batting: LHB Dave Ortiz
|
0-0: Called Strike 0-1: Fly out, F9 (Flyball, 9, EV 75.0 MPH)
|
| Bottom of the 2nd over - 0 runs, 2 hits, 0 errors, 2 left on base; Brockton 0 - Niagara Falls 0 |
| TOP OF THE 3RD |
|
Brockton Rox batting - Pitching for Niagara Falls Phantoms : RHP Alex Roman
|
|
Batting: RHB Estevan Carrillo
|
0-0: Ball 1-0: Called Strike 1-1: Ball 2-1: SINGLE (Groundball, 6MD, EV 107.5 MPH)
|
|
Batting: LHB Isaiah Spitzbarth
|
0-0: Fly out, F8 (Flyball, 8LM, EV 86.9 MPH)
|
|
Batting: LHB Robert Gonzalez
|
0-0: Ball 1-0: Grounds out, U3 (Groundball, 3L, EV 93.1 MPH)
|
|
Batting: RHB Willie Camacho
|
0-0: Called Strike 0-1: Fly out, F6 (Line Drive, 56, EV 67.5 MPH)
|
| Top of the 3rd over - 0 runs, 1 hit, 0 errors, 1 left on base; Brockton 0 - Niagara Falls 0 |
| BOTTOM OF THE 3RD |
|
Niagara Falls Phantoms batting - Pitching for Brockton Rox : RHP Cedric Tyler
|
|
Batting: RHB Arturo Gomez
|
0-0: Foul Ball, location: 2F 0-1: Swinging Strike 0-2: Ball 1-2: Ball 2-2: SINGLE (Line Drive, 6MD, EV 100.6 MPH)
|
|
Batting: LHB Carlos Palau
|
0-0: Ball 1-0: SINGLE (Groundball, 4MS, EV 64.4 MPH) (infield hit) Arturo Gomez to second
|
|
Batting: RHB Danny Ayala
|
0-0: Fly out, F8 (Line Drive, 8RD, EV 104.4 MPH)
|
|
Batting: LHB Dario Segura
|
0-0: Called Strike 0-1: 3-RUN HOME RUN (Flyball, 9D, EV 96.2 MPH), Distance : 354 ft
|
|
Batting: RHB Jesus Ruiz
|
0-0: Ball 1-0: Fly out, F8 (Flyball, 8RD, EV 81.2 MPH)
|
|
Batting: RHB Yasuoka Tsuda
|
0-0: Foul Ball, location: 2F 0-1: Ball 1-1: Ground out 3-1 (Groundball, 34S, EV 71.9 MPH)
|
| Bottom of the 3rd over - 3 runs, 3 hits, 0 errors, 0 left on base; Brockton 0 - Niagara Falls 3 |
| TOP OF THE 4TH |
|
Brockton Rox batting - Pitching for Niagara Falls Phantoms : RHP Alex Roman
|
|
Batting: RHB Bakhtiar Asadov
|
0-0: Ball 1-0: Ball 2-0: Reached on error, E5 (Groundball, 56S, EV 63.1 MPH)
|
|
Batting: LHB Kien-lung Zou
|
0-0: Ball 1-0: Fly out, F4 (Popup, 4S, EV 71.9 MPH)
|
|
Batting: RHB Panam Palmer
|
0-0: Foul Ball, location: 2F 0-1: Called Strike 0-2: Strikes out looking
|
|
Batting: RHB Mo Tsang
|
0-0: Ball 1-0: Called Strike 1-1: Fly out, F8 (Flyball, 78D, EV 79.4 MPH)
|
| Top of the 4th over - 0 runs, 0 hits, 1 error, 1 left on base; Brockton 0 - Niagara Falls 3 |
| BOTTOM OF THE 4TH |
|
Niagara Falls Phantoms batting - Pitching for Brockton Rox : RHP Cedric Tyler
|
|
Batting: RHB Paul Ngumi
|
0-0: DOUBLE (Line Drive, 89D, EV 112.5 MPH)
|
|
Pinch Runner at 2nd Justin Short:
|
|
|
Batting: RHB Ken Stair
|
0-0: Swinging Strike 0-1: 2-RUN HOME RUN (Flyball, 7D, EV 95.0 MPH), Distance : 354 ft
|
|
Batting: LHB Dave Ortiz
|
0-0: Called Strike 0-1: Called Strike 0-2: Fly out, F7 (Flyball, 7D, EV 74.4 MPH)
|
|
Batting: RHB Arturo Gomez
|
0-0: Swinging Strike 0-1: Ball 1-1: Swinging Strike 1-2: Ball 2-2: Strikes out looking
|
|
Batting: LHB Carlos Palau
|
0-0: Ball 1-0: Foul Ball, location: 2F 1-1: Ball 2-1: Foul Ball, location: 2F 2-2: Fly out, F9 (Flyball, 9, EV 85.0 MPH)
|
| Bottom of the 4th over - 2 runs, 2 hits, 0 errors, 0 left on base; Brockton 0 - Niagara Falls 5 |
| TOP OF THE 5TH |
|
Brockton Rox batting - Pitching for Niagara Falls Phantoms : RHP Alex Roman
|
|
Now at 2B: Justin Short
|
|
|
Batting: LHB Kenny Jackson
|
0-0: Foul Ball, location: 2F 0-1: Ball 1-1: SINGLE (Groundball, 4MD, EV 106.9 MPH)
|
|
Batting: RHB Estevan Carrillo
|
0-0: Ball 1-0: Ball 2-0: Fielders Choice at 2nd, 2-4 (Groundball, 2L, EV 70.6 MPH)
|
|
Batting: LHB Isaiah Spitzbarth
|
0-0: Called Strike 0-1: Ball 1-1: Ball 2-1: Foul Ball, location: 2F 2-2: Fly out, F8 (Flyball, 89M, EV 81.9 MPH)
|
|
Batting: LHB Robert Gonzalez
|
0-0: Ground out 4-3 (Groundball, 3, EV 86.2 MPH)
|
| Top of the 5th over - 0 runs, 1 hit, 0 errors, 1 left on base; Brockton 0 - Niagara Falls 5 |
| BOTTOM OF THE 5TH |
|
Niagara Falls Phantoms batting - Pitching for Brockton Rox : RHP Cedric Tyler
|
|
Batting: RHB Danny Ayala
|
0-0: Fly out, F8 (Flyball, 8LXD, EV 106.2 MPH)
|
|
Batting: LHB Dario Segura
|
0-0: Called Strike 0-1: Foul Ball, location: 2F 0-2: SINGLE (Groundball, 34S, EV 70.6 MPH) (infield hit)
|
|
Batting: RHB Jesus Ruiz
|
0-0: Called Strike 0-1: SINGLE (Groundball, 56D, EV 99.4 MPH) Dario Segura to second
|
|
Batting: RHB Yasuoka Tsuda
|
0-0: Foul Ball, location: 2F 0-1: Called Strike 0-2: Ball 1-2: Ball 2-2: Strikes out swinging
|
|
Batting: LHB Justin Short
|
0-0: Called Strike 0-1: Ball 1-1: Ball 2-1: Foul Ball, location: 2F 2-2: Fly out, F7 (Flyball, 78M, EV 90.6 MPH)
|
| Bottom of the 5th over - 0 runs, 2 hits, 0 errors, 2 left on base; Brockton 0 - Niagara Falls 5 |
| TOP OF THE 6TH |
|
Brockton Rox batting - Pitching for Niagara Falls Phantoms : RHP Alex Roman
|
|
Batting: RHB Willie Camacho
|
0-0: Ball 1-0: Fly out, F8 (Flyball, 8LD, EV 100.6 MPH)
|
|
Batting: RHB Bakhtiar Asadov
|
0-0: Called Strike 0-1: Ball 1-1: Ball 2-1: Ball 3-1: Called Strike 3-2: Fly out, F8 (Flyball, 8LM, EV 84.4 MPH)
|
|
Batting: LHB Kien-lung Zou
|
0-0: Ball 1-0: Called Strike 1-1: Ball 2-1: Fly out, F8 (Flyball, 8RD, EV 92.5 MPH)
|
| Top of the 6th over - 0 runs, 0 hits, 0 errors, 0 left on base; Brockton 0 - Niagara Falls 5 |
| BOTTOM OF THE 6TH |
|
Niagara Falls Phantoms batting - Pitching for Brockton Rox : RHP Cedric Tyler
|
|
Batting: RHB Ken Stair
|
0-0: Foul Ball, location: 2F 0-1: Foul Ball, location: 2F 0-2: Ball 1-2: Ground out 6-3 (Groundball, 6, EV 80.6 MPH)
|
|
Batting: LHB Dave Ortiz
|
0-0: Ball 1-0: SINGLE (Groundball, 4MD, EV 100.6 MPH)
|
|
Batting: RHB Arturo Gomez
|
0-0: Grounds into double play, 4-6-3 (Groundball, 34, EV 105.6 MPH)
|
| Bottom of the 6th over - 0 runs, 1 hit, 0 errors, 0 left on base; Brockton 0 - Niagara Falls 5 |
| TOP OF THE 7TH |
|
Brockton Rox batting - Pitching for Niagara Falls Phantoms : RHP Alex Roman
|
|
Batting: RHB Panam Palmer
|
0-0: Called Strike 0-1: Ball 1-1: Fly out, F9 (Flyball, 9LMF, EV 104.4 MPH)
|
|
Batting: RHB Mo Tsang
|
0-0: Ground out 1-3 (Groundball, 13S, EV 64.4 MPH)
|
|
Batting: LHB Kenny Jackson
|
0-0: Called Strike 0-1: Foul Ball, location: 2F 0-2: Ball 1-2: Ball 2-2: Foul Ball, location: 2F 2-2: Strikes out swinging
|
| Top of the 7th over - 0 runs, 0 hits, 0 errors, 0 left on base; Brockton 0 - Niagara Falls 5 |
| BOTTOM OF THE 7TH |
|
Niagara Falls Phantoms batting - Pitching for Brockton Rox : RHP Cedric Tyler
|
|
Batting: LHB Carlos Palau
|
0-0: Ground out 1-3 (Groundball, 25, EV 66.2 MPH)
|
|
Batting: RHB Danny Ayala
|
0-0: Ball 1-0: Fly out, F8 (Line Drive, 8RM, EV 86.9 MPH)
|
|
Batting: LHB Dario Segura
|
0-0: Ball 1-0: Swinging Strike 1-1: Ball 2-1: Called Strike 2-2: Strikes out swinging
|
| Bottom of the 7th over - 0 runs, 0 hits, 0 errors, 0 left on base; Brockton 0 - Niagara Falls 5 |
| TOP OF THE 8TH |
|
Brockton Rox batting - Pitching for Niagara Falls Phantoms : RHP Alex Roman
|
|
Pitching: RHP Francisco Rosado
|
|
|
Pinch Hitting: SHB Danny Marquez
|
0-0: Called Strike 0-1: Called Strike 0-2: Ball 1-2: Ball 2-2: Ball 3-2: Strikes out looking
|
|
Batting: LHB Isaiah Spitzbarth
|
0-0: Ball 1-0: Ball 2-0: Swinging Strike 2-1: Ball 3-1: Foul Ball, location: 2F 3-2: Strikes out swinging
|
|
Batting: LHB Robert Gonzalez
|
0-0: Ball 1-0: Reached on error, E4 (Line Drive, 4, EV 73.8 MPH)
|
|
Batting: RHB Willie Camacho
|
0-0: SINGLE (Groundball, 34D, EV 99.4 MPH) Robert Gonzalez to second Runner from 2nd tries for 3rd, SAFE, throw by RF made to third
|
|
Batting: RHB Bakhtiar Asadov
|
0-0: Ground out 4-3 (Groundball, 4, EV 106.2 MPH)
|
| Top of the 8th over - 0 runs, 1 hit, 1 error, 2 left on base; Brockton 0 - Niagara Falls 5 |
| BOTTOM OF THE 8TH |
|
Niagara Falls Phantoms batting - Pitching for Brockton Rox : RHP Cedric Tyler
|
|
Pitching: RHP Tony Ramos
|
|
|
Now at 1B: Kien-lung Zou
|
|
|
Now at 3B: Danny Marquez
|
|
|
Batting: RHB Jesus Ruiz
|
0-0: Ball 1-0: Ball 2-0: Called Strike 2-1: Ball 3-1: Swinging Strike 3-2: Ground out U3 (Groundball, 3, EV 94.4 MPH)
|
|
Batting: RHB Yasuoka Tsuda
|
0-0: Called Strike 0-1: Called Strike 0-2: Ball 1-2: Ball 2-2: Foul Ball, location: 2F 2-2: Strikes out looking
|
|
Batting: LHB Justin Short
|
0-0: Foul Ball, location: 2F 0-1: Fly out, F4 (Popup, 34S, EV 73.8 MPH)
|
| Bottom of the 8th over - 0 runs, 0 hits, 0 errors, 0 left on base; Brockton 0 - Niagara Falls 5 |
| TOP OF THE 9TH |
|
Brockton Rox batting - Pitching for Niagara Falls Phantoms : RHP Francisco Rosado
|
|
Pinch Hitting: SHB Robert Soto
|
0-0: Ball 1-0: Foul Ball, location: 2F 1-1: Ball 2-1: Foul Ball, location: 2F 2-2: Ball 3-2: Ground out U3 (Groundball, 3, EV 103.1 MPH)
|
|
Pinch Hitting: RHB Kirk Cully
|
0-0: Foul Ball, location: 2F 0-1: Swinging Strike 0-2: Ground out 6-3 (Groundball, 6, EV 84.4 MPH)
|
|
Pinch Hitting: SHB Arihito Hiramoto
|
0-0: Reached on error, E3 (Groundball, 3, EV 106.9 MPH)
|
|
Pinch Hitting: RHB Roger Mitchell
|
0-0: Called Strike 0-1: Ball 1-1: Ball 2-1: Called Strike 2-2: Ground out 5-3 (Groundball, 56, EV 104.4 MPH)
|
| Top of the 9th over - 0 runs, 0 hits, 1 error, 1 left on base; Brockton 0 - Niagara Falls 5 |
|